 Dungeon Crawl Stone Soup version 0.28-a0-535-g6f645e4c1d (webtiles) character file.

Game seed: 7493977061418714411

46 Anon1729 the Conjurer (level 3, -3/24 HPs)
             Began as a Human Conjurer on Sept 26, 2021.
             Was a Follower of Zin.
             Killed from afar by an orc wizard (4 damage)
             ... with a magic dart
             ... on level 1 of the Dungeon.
             The game lasted 00:04:37 (1306 turns).

Anon1729 the Conjurer (Human Conjurer)              Turns: 1306, Time: 00:04:38

Health: -3/24      AC:  2    Str:  7    XL:     3   Next: 92%
Magic:  0/7        EV: 12    Int: 19    God:    Zin [*.....]
Gold:   41         SH:  0    Dex: 11    Spells: 3/7 levels left

rFire   . . .      SeeInvis .   c - +0 whip
rCold   . . .      Faith    .   (no shield)
rNeg    . . .      Spirit   .   a - +0 robe
rPois   .          Reflect  .   (no helmet)
rElec   .          Harm     .   (no cloak)
rCorr   .          Rampage  .   (no gloves)
Will    .....                   (no boots)
Stlth   ++........              (no amulet)
HPRegen 0.08/turn               f - ring of flight
MPRegen 0.10/turn               (no ring)

@: flying
A: no striking features
a: Renounce Religion, Recite, Donate Gold


You were on level 1 of the Dungeon.
You worshipped Zin.
Zin was aware of your devotion.
You visited 1 branch of the dungeon, and saw 2 of its levels.

You collected 45 gold pieces.
You donated 4 gold pieces to Zin.

Inventory:

Hand Weapons
 c - a +0 whip (weapon)
Missiles
 d - 42 stones
 e - 5 boomerangs
Armour
 a - a +0 robe (worn)
Jewellery
 f - a ring of flight (left hand)
Scrolls
 h - 3 scrolls of identify
 i - a scroll of enchant weapon
Potions
 g - 3 potions of might


   Skills:
 - Level 2.0 Dodging
 - Level 2.0 Stealth
 + Level 2.7 Spellcasting
 + Level 4.4 Conjurations
 * Level 1.3 Fire Magic


You had 3 spell levels left.
You knew the following spells:

 Your Spells              Type           Power      Damage    Failure   Level
a - Magic Dart            Conj           76%        1d6       2%          1
b - Searing Ray           Conj           38%        2d5       3%          2
c - Foxfire               Conj/Fire      52%        2x1d6     4%          1

Your spell library contained the following spells:

 Spells                   Type           Power      Damage    Failure   Level
 Conjure Flame            Conj/Fire      13%        6-21      14%         3
 Dazzling Flash           Conj/Hex       22%        N/A       19%         3
 Inner Flame              Hex/Fire       5%         N/A       36%         3
 Flame Wave               Conj/Fire      13%        3d5       43%         4
 Fulminant Prism          Conj/Hex       5%         3d7       54%         4
 Iskenderun's Mystic Bla  Conj/Tloc      11%        2d4       54%         4


Dungeon Overview and Level Annotations

Branches:
Dungeon (2/15)

Altars:
Zin

Shops:
D:1 (


Message History

You hear some strange, mumbled words.
A puff of flame appears from out of thin air!
The puff of flame hits you!
* * * LOW HITPOINT WARNING * * *
Okay, then.
You are too confused!
Unknown command.
Unknown command.
Unknown command.
Okay, then.
You feel less confused.
Casting: Magic Dart (safe; 2% risk of failure)
Confirm with . or Enter, or press ? or * to list all spells.
Okay, then.
Casting: Magic Dart (safe; 2% risk of failure)
Confirm with . or Enter, or press ? or * to list all spells.
Aiming: Magic Dart (safe; 2% risk of failure)
Press: ? - help, Shift-Dir - straight line The magic dart hits something.
Something hits you but does no damage.
Casting: Magic Dart (safe; 2% risk of failure)
Confirm with . or Enter, or press ? or * to list all spells.
Aiming: Magic Dart (safe; 2% risk of failure)
Press: ? - help, Shift-Dir - straight line The magic dart hits something.
Something hits you.
* * * LOW HITPOINT WARNING * * *
You aren't carrying any items that you can evoke.
Throw: 5 boomerangs
Press: ? - help, Shift-Dir - straight line You throw a boomerang.
Something hits you. Zin protects you from harm!
You don't have enough magic to cast this spell.
You don't have enough magic to cast this spell.
Throw: 5 boomerangs
Press: ? - help, Shift-Dir - straight line You throw a boomerang.
You hear some strange, mumbled words.
A magic dart appears from out of thin air!
The magic dart hits you.
You die...

#....###...................).....
#....#...#####.##...............#
##.##..### ##.##...............#
#..##.## ##..##.........#.#...#
#.#...# ##..##...###...##.##..#
#...### ###..###................#
##### ##........######>....#.#.#
##....###.########.>.......
#..#### #.@{............... #..#
#############...... #..# #######
#.## #.# ###


There were no monsters in sight!

Vanquished Creatures
  3 dart slugs
  An orc (D:2)
  2 bats (D:1)
  An endoplasm (D:1)
  A giant cockroach (D:1)
  3 goblins (D:1)
  4 hobgoblins (D:1)
  9 jackals (D:1)
  3 kobolds (D:1)
  4 ball pythons (D:1)
  A frilled lizard (D:1)
  2 rats (D:1)
34 creatures vanquished.

Notes
Turn   | Place    | Note
-------+----------+-------------------------------------------
     0 | D:1      | Anon1729 the Human Conjurer began the quest for the Orb.
     0 | D:1      | Reached XP level 1. HP: 13/13 MP: 3/3
   109 | D:1      | Reached XP level 2. HP: 19/19 MP: 0/5
   173 | D:1      | Learned a level 2 spell: Searing Ray
   175 | D:1      | Learned a level 1 spell: Foxfire
   204 | D:1      | Found a faded altar of an unknown god.
   436 | D:1      | Became a worshipper of Zin the Law-Giver
   436 | D:1      | Reached * piety under Zin
   441 | D:1      | Reached XP level 3. HP: 24/24 MP: 4/6
   669 | D:1      | Reached skill level 1 in Fire Magic
  1028 | D:1      | Found Cim Zayd's Weapon Shoppe.
  1304 | D:1      | HP: 1/24 [something (3)]
  1305 | D:1      | Zin protects you from harm!
  1306 | D:1      | Killed from afar by an orc wizard

Illustrated notes

Levels and vault maps discovered:
D:1:      heliophobic_arrival_battle_scene, layout_rooms,
          hellmonk_ecumenical_altar_pennies_from_heaven, serial_shops, shop,
          minmay_small_reverse_x
D:2:      layout_basic, mrwooster_statue_mirror, minivault_14

Skill      XL: |  1  2  3 |
---------------+----------+-----
Fire Magic     | 1 |  1.3
Dodging        | |  2.0
Stealth        | |  2.0
Spellcasting   | |  2.7
Conjurations   | |  4.4

Action                   || total
-------------------------++-------
Melee: Whip              ||    37
Throw: Boomerang         ||     6
 Cast: Magic Dart        ||    55
       Searing Ray       ||     2
  Use: Scroll            ||     3
Armor: Robe              ||    10
Dodge: Dodged            ||    35

Table legend: (Time is in decaauts)
 A = Elapsed time spent in this place.
 B = Non-inter-level travel time spent in this place.
 C = Inter-level travel time spent in this place.
 D = Time resting spent in this place.
 E = Time spent auto-exploring this place.
 F = Levels seen in this place.
 G = Mean time per level.
                   A        B        C        D        E       F      G
               +--------+--------+--------+--------+--------+-----+--------+
         Total |   1312 |   1288 |     24 |    190 |    802 |   2 |  656.0 |
       Dungeon |   1312 |   1288 |     24 |    190 |    802 |   2 |  656.0 |
               +--------+--------+--------+--------+--------+-----+--------+

Top non-repeatable levels by time:
     D:1: 1252 daAuts
     D:2: 60 daAuts
